 Dungeon Crawl Stone Soup version 0.27-a0-951-gae3e1deef5 (webtiles) character file.

Game seed: 1430025638573629440

587 jasper the Chopper (level 7, -11/48 HPs)
             Began as a Demonspawn Artificer on Apr 11, 2021.
             Was a Believer of Wu Jian.
             Mangled by an ogre
             ... wielding a +0 giant club
              (14 damage)
             ... on level 5 of the Dungeon.
             The game lasted 00:06:13 (4881 turns).

jasper the Chopper (Demonspawn Artificer)           Turns: 4881, Time: 00:06:14

Health: -11/48     AC: 11    Str: 15    XL:     7   Next: 15%
Magic:  7/7        EV: 10    Int: 12    God:    Wu Jian [**....]
Gold:   213        SH:  0    Dex: 13    Spells: 6/6 levels left

rFire    . . .     SeeInvis .   f - +1 battleaxe
rCold    . . .     Faith    .   (shield currently unavailable)
rNeg     . . .     Spirit   .   m - +0 ring mail
rPois    .         Reflect  .   (no helmet)
rElec    .         Harm     .   c - +2 cloak {Will+}
rCorr    .         Rampage  .   (no gloves)
Will     +....                  (no boots)
Stlth    +.........             (no amulet)
HPRegen  0.16/turn              (no ring)
MPRegen  0.10/turn              (no ring)

@: marked
A: thin metallic scales 2, foul stench 2, spiny 1
a: Renounce Religion, Wall Jump


You were on level 5 of the Dungeon.
You worshipped Wu Jian.
Wu Jian was pleased with you.
You visited 1 branch of the dungeon, and saw 5 of its levels.

You collected 213 gold pieces.

Inventory:

Hand Weapons
 a - a +0 club
 f - a +1 battleaxe (weapon)
Missiles
 h - 6 javelins (quivered)
 l - 26 stones
 n - 17 poisoned darts
 r - 7 boomerangs
Armour
 b - a +0 leather armour
 c - a +2 cloak of willpower (worn)
 m - a +0 ring mail (worn)
 p - a +0 chain mail
 w - a +1 chain mail of cold resistance
Wands
 d - a wand of charming (11)
 e - a wand of random effects (13)
Scrolls
 g - a scroll of magic mapping
 j - a scroll of immolation
 q - a scroll of teleportation
 t - a scroll of vulnerability {unknown}
 u - a scroll of fear {unknown}
Potions
 i - 2 potions of lignification
 k - 2 potions of haste
 o - a potion of flight
 s - 3 potions of curing {unknown}
 v - a potion of might {unknown}


   Skills:
 - Level 1.0 Fighting
 + Level 6.9 Axes
 - Level 1.7 Armour
 - Level 0.8 Dodging
 - Level 0.8 Stealth
 - Level 3.0 Evocations


You had 6 spell levels left.
You didn't know any spells.
Your spell library contained the following spells:

 Spells                   Type           Power      Damage    Failure   Level
 Beastly Appendage        Tmut           0%         N/A       54%         1
 Wereblood                Tmut           0%         N/A       67%         2
 Spider Form              Tmut/Pois      0%         N/A       88%         3
 Ice Form                 Ice/Tmut       0%         N/A       99%         4
 Hydra Form               Tmut           0%         N/A       100%        5


Dungeon Overview and Level Annotations

Branches:
Dungeon (5/15)
 Temple: D:4-7

Altars:
Uskayaw
Wu Jian

Shops:
D:2 (

Annotations:
D:4 1 runed translucent door, leviel's ghost, amateur MiFi


Innate Abilities, Weirdness & Mutations

You are mostly covered in thin metallic scales. (AC +3)
You sometimes emit foul miasma when damaged in melee.
You are partially covered in sharp spines.


Message History

The iguana bites you.
You take 6 damage, and have 18/48 hp.
You spin to attack the water moccasin skeleton, but your attack speed is too slow for a blow to land.
The water moccasin skeleton is struck by your spines.
The water moccasin skeleton barely misses you.
An orc comes into view. It is wielding a +0 dagger.
The ogre hits you but does no damage.
The bullfrog skeleton closely misses you.
A bullfrog skeleton comes into view.
The ogre barely misses you. What are your orders? t - Shout!
Orders for allies: a - Attack new target. p - Attack previous target. r - Retreat! s - Stop attacking. g - Guard the area. f - Follow me.
Anything else - Cancel.
Okay, then.
Aiming: Charm
Press: ? - help, Shift-Dir - straight line, f/p - ogre
Aim: an ogre, wielding a +0 giant club (heavily wounded, fast, chance to affect: 54%)
The ogre resists with significant effort.
A wight comes into view. It is wielding a +0 long sword.
The ogre is struck by your spines. The ogre misses you.
The bullfrog skeleton hits you but does no damage.
Aiming: Charm
Press: ? - help, Shift-Dir - straight line, f/p - ogre
Aim: an ogre, wielding a +0 giant club (severely wounded, fast, chance to affect: 54%)
The ogre resists with significant effort.
The ogre hits you with a +0 giant club!
* * * LOW HITPOINT WARNING * * *
The bullfrog skeleton is struck by your spines.
The bullfrog skeleton hits you but does no damage.
An orc comes into view. It is wielding a +0 hand axe.
You take 16 damage, and have 3/48 hp.
MASSIVE DAMAGE!!
Aiming: Charm
Press: ? - help, Shift-Dir - straight line, f/p - ogre
Aim: an ogre, wielding a +0 giant club (severely wounded, fast, chance to affect: 54%)
The ogre resists with significant effort.
The ogre is struck by your spines. The ogre hits you with a +0 giant club!
You die...

## #. ### #. ##..# #.
#...#### #### ##.
######..#..####..###.. #
##..........##.#....#).
#.#....Z.....<..........#
.......Z@#...........).##
.....ZZO##...........####
.......Z.#.##........##..
....##..o..#..##......###..
......z...°.l...#...........
......##.z....#.......#.....
......##......#.......##...#
#......#o.............####.#
...................#....####


You could see an ogre (fast), 2 wights, 2 orcs, a wyvern zombie, 2 water
moccasin skeletons and 2 bullfrog skeletons.

Vanquished Creatures
  A scorpion (D:4)
  A water moccasin skeleton (D:4)
  3 wights (D:5)
  A centaur zombie (D:5)
  A bullfrog skeleton (D:5)
  3 orc priests
  A jelly (D:5)
  Jessica (D:3)
  A scorpion zombie (D:5)
  A hound zombie (D:5)
  An adder (D:4)
  A worm (D:2)
  2 dart slugs
  12 orcs
  3 ball pythons
  6 endoplasms
  5 giant cockroaches
  10 hobgoblins
  9 jackals
  5 quokkas
  A bat (D:3)
  4 frilled lizards
  2 goblins
  2 kobolds (D:1)
  4 rats (D:1)
81 creatures vanquished.

Vanquished Creatures (collateral kills)
  A hound zombie (D:5)
1 creature vanquished.

Vanquished Creatures (others)
  4 withered plants
4 creatures vanquished.

Grand Total: 86 creatures vanquished

Notes
Turn   | Place    | Note
-------+----------+-------------------------------------------
     0 | D:1      | jasper the Demonspawn Artificer began the quest for the
                  | Orb.
     0 | D:1      | Reached XP level 1. HP: 15/15 MP: 1/1
   204 | D:1      | Reached skill level 1 in Axes
   216 | D:1      | Gained mutation: You may rarely emit foul miasma when
                  | damaged in melee. [demonic ancestry]
   216 | D:1      | Reached XP level 2. HP: 2/21 MP: 2/2
   564 | D:1      | Reached skill level 2 in Axes
   923 | D:1      | Found a faded altar of an unknown god.
   933 | D:1      | Became a worshipper of the Wu Jian Council
   933 | D:1      | Reached * piety under Wu Jian
   995 | D:1      | Reached XP level 3. HP: 16/26 MP: 3/3
  1988 | D:2      | Found Igemaol's Weapon Boutique.
  2054 | D:2      | Identified a scroll of acquirement
  2054 | D:2      | Acquired a +2 cloak of willpower
  2092 | D:2      | Reached skill level 3 in Axes
  2474 | D:3      | Noticed Jessica
  2479 | D:3      | Killed Jessica
  2480 | D:3      | Gained mutation: You are partially covered in sharp spines.
                  | [demonic ancestry]
  2480 | D:3      | Reached XP level 4. HP: 32/32 MP: 4/4
  2567 | D:3      | Reached ** piety under Wu Jian
  2576 | D:3      | Reached skill level 4 in Axes
  2934 | D:3      | Gained mutation: You are partially covered in thin metallic
                  | scales. (AC +2) [demonic ancestry]
  2934 | D:3      | Reached XP level 5. HP: 2/37 MP: 5/5
  3406 | D:4      | Reached skill level 5 in Axes
  3452 | D:4      | Gained mutation: You are mostly covered in thin metallic
                  | scales. (AC +3) [demonic ancestry]
  3452 | D:4      | Reached XP level 6. HP: 33/43 MP: 6/6
  3755 | D:4      | Found a runed translucent door.
  3757 | D:4      | Noticed leviel's ghost (amateur MiFi)
  4289 | D:5      | Entered Level 5 of the Dungeon
  4403 | D:5      | Found a hide-covered altar of Uskayaw.
  4539 | D:5      | Reached skill level 6 in Axes
  4743 | D:5      | Gained mutation: You sometimes emit foul miasma when
                  | damaged in melee. [demonic ancestry]
  4743 | D:5      | Reached XP level 7. HP: 34/48 MP: 7/7
  4881 | D:5      | Mangled by an ogre

Illustrated notes

Levels and vault maps discovered:
D:1:      matt_arrival_diagonals, layout_basic,
          hellmonk_ecumenical_altar_run_dry, minmay_misc_feat_ornament
D:2:      layout_basic, serial_shops, shop
D:3:      layout_basic, uniq_jessica
D:4:      layout_cave_pods, gammafunk_ghost_grave
D:5:      layout_cave_pools, nicolae_uskayaw_murder_on_the_dancefloor,
          serial_undead, serial_undead_a, serial_undead_a, serial_undead_e,
          serial_undead_b, serial_shops, nicolae_shop_stone,
          kennysheep_mini_moat, nicolae_shop_waterfront, nicolae_shop_stone,
          kennysheep_generic_room_14

Skill      XL: |  1  2  3  4  5  6 |
---------------+-------------------+-----
Axes           | 1 2 3 4 5 6 |  6.9
Fighting       | |  1.0
Armour         | |  1.7
Dodging        | |  0.8
Stealth        | |  0.8
Evocations     | |  3.0

Action                   |  1- 3 |  4- 6 |  7- 9 || total
-------------------------+-------+-------+-------++-------
Melee: Battleaxe         |   105 |    85 |    12 ||   202
Throw: Javelin           |    17 |    18 |     2 ||    37
Invok: Whirlwind         |     2 |       |     4 ||     6
       Lunge             |     1 |     7 |       ||     8
 Abil: Wall Jump         |       |     1 |       ||     1
Evoke: Wand              |    15 |       |     6 ||    21
  Use: Scroll            |     6 |     4 |       ||    10
       Potion            |       |     1 |       ||     1
Armor: Leather armour    |    26 |       |       ||    26
       Ring mail         |    18 |    36 |    15 ||    69
Dodge: Dodged            |    83 |    50 |    11 ||   144

Table legend: (Time is in decaauts)
 A = Elapsed time spent in this place.
 B = Non-inter-level travel time spent in this place.
 C = Inter-level travel time spent in this place.
 D = Time resting spent in this place.
 E = Time spent auto-exploring this place.
 F = Levels seen in this place.
 G = Mean time per level.
                   A        B        C        D        E       F      G
               +--------+--------+--------+--------+--------+-----+--------+
         Total |   4998 |   4894 |    104 |   1180 |   2888 |   5 |  999.6 |
       Dungeon |   4998 |   4894 |    104 |   1180 |   2888 |   5 |  999.6 |
               +--------+--------+--------+--------+--------+-----+--------+

Top non-repeatable levels by time:
     D:1: 1570 daAuts
     D:4: 961 daAuts
     D:3: 945 daAuts
     D:2: 909 daAuts
     D:5: 611 daAuts
